 Dungeon Crawl Stone Soup version 0.30-a0-4-ga7cffc901d (webtiles) character file.

Game seed: 5145851344468669491

448 Setbun the Sneak (level 7, -10/41 HPs)
             Began as a Kobold Enchanter on Aug 20, 2022.
             Mangled by Menkaure (21 damage)
             ... on level 4 of the Dungeon.
             The game lasted 00:04:08 (4417 turns).

Setbun the Sneak (Kobold Enchanter)                 Turns: 4417, Time: 00:04:09

Health: -10/41     AC:  4    Str:  5    XL:     7   Next: 24%
Magic:  10/10      EV: 13    Int: 17    God:
Gold:   144        SH:  0    Dex: 17    Spells: 10/10 levels left

rFire   . . .      SeeInvis .    a - +1 dagger
rCold   . . .      Faith    .    (no shield)
rNeg    . . .      Spirit   .    b - +0 robe
rPois   .          Reflect  .    u - +1 helmet
rElec   .          Harm     .    (no cloak)
rCorr   .          Rampage  .    (no gloves)
Will    .....                    (no boots)
Stlth   +++++.....               (no amulet)
HPRegen 0.13/turn                g - ring of flight
MPRegen 0.12/turn                (no ring)

@: flying, constricted
A: small, no large weapons, nightstalker 3
a: no special abilities


You were on level 4 of the Dungeon.
You visited 1 branch of the dungeon, and saw 4 of its levels.

You collected 144 gold pieces.

Inventory:

Hand Weapons
 a - a +1 dagger (weapon)
 l - a +0 dagger
Armour
 b - a +0 robe (worn)
 u - a +1 helmet (worn)
Jewellery
 g - a ring of flight (left hand)
 o - a ring of protection from fire
 w - an amulet of the acrobat
Scrolls
 h - 2 scrolls of immolation {unknown}
 i - a scroll of butterflies {unknown}
 j - a scroll of noise {unknown}
 k - 4 scrolls of identify {unknown}
 p - a scroll of magic mapping {unknown}
 r - a scroll of teleportation {unknown}
 v - a scroll of enchant armour {unknown}
Potions
 c - 2 potions of invisibility
 d - 6 potions of curing {unknown}
 e - a potion of mutation {unknown}
 f - a potion of haste {unknown}
 m - a potion of magic {unknown}
 n - a potion of berserk rage {unknown}
 q - a potion of heal wounds {unknown}
 s - a potion of brilliance {unknown}
 t - a potion of lignification {unknown}


   Skills:
 + Level 3.1 Fighting
 + Level 4.1 Short Blades
 + Level 4.4 Dodging
 * Level 7.6 Stealth
 - Level 2.1 Spellcasting
 - Level 3.0 Hexes


You had 10 spell levels left.
You didn't know any spells.
Your spell library contained the following spells:

 Spells                   Type           Power      Damage    Failure   Level
 Ensorcelled Hibernation  Hex/Ice        12%        N/A       16%         2
 Confusing Touch          Hex            12%        N/A       17%         3
 Tukima's Dance           Hex            12%        N/A       17%         3
 Dazzling Flash           Conj/Hex       12%        N/A       30%         3
 Hailstorm                Conj/Ice       1%         3d3       88%         4
 Ice Form                 Ice/Tmut       1%         N/A       88%         4
 Simulacrum               Ice/Necr       0%         N/A       100%        6


Dungeon Overview and Level Annotations

Branches:
Dungeon (4/15)
 Temple: D:4-7

Altars:
Sif Muna
Zin

Shops:
D:3 (!=

Annotations:
D:4 Menkaure


Innate Abilities, Weirdness & Mutations

You are small and have problems with some larger weapons.
You are completely attuned to the shadows.


Message History

Your body is wracked with pain!
You hit Menkaure.
Menkaure is lightly damaged.
The ball python closely misses you. The ball python constricts you.
Menkaure hits you.
You barely miss Menkaure.
Menkaure is lightly damaged.
Menkaure barely misses you.
The ball python bites you but does no damage.
The ball python constricts you.
You hit Menkaure.
Menkaure is moderately damaged.
Menkaure completely misses you. The ball python barely misses you.
The ball python constricts you.
You hit Menkaure.
Menkaure is moderately damaged.
Menkaure hits you but does no damage. The ball python bites you.
The ball python constricts you.
You hit Menkaure.
Menkaure is heavily damaged.
Menkaure barely misses you.
The ball python bites you but does no damage.
The ball python constricts you.
You hit Menkaure.
Menkaure is severely damaged.
Menkaure breathes soot at you.
Menkaure calls on the powers of darkness!
Your body is wracked with pain!
* * * LOW HITPOINT WARNING * * *
The ball python bites you but does no damage.
The ball python constricts you.
You hit Menkaure.
Menkaure is severely damaged.
Menkaure barely misses you. The ball python misses you.
The ball python constricts you.
You hit Menkaure.
Menkaure is severely damaged.
Menkaure hits you!!
Ouch! That really hurt!
You die...

##### #.... #....
#.... ......# #....
......## #....
.......#### #...#
...M......## ###.#..
...S@......####...#..
.................## .
..........####.......
...............#.....
.................#...
........>..........
......### . .##..##
.. ......###..


You could see Menkaure (fast) and a ball python.

Vanquished Creatures
  Sigmund (D:2)
  A phantom (D:3)
  A hound (D:3)
  Robin (D:2)
  9 adders
  An ufetubus (D:4)
  2 dart slugs (D:1)
  3 worms
  2 orcs (D:3)
  6 endoplasms
  3 giant cockroaches
  8 goblins
  6 hobgoblins
  2 jackals (D:3)
  10 ball pythons
  10 bats
  A frilled lizard (D:3)
  5 kobolds
  6 rats
78 creatures vanquished.

Notes
Turn   | Place    | Note
-------+----------+-------------------------------------------
     0 | D:1      | Setbun the Kobold Enchanter began the quest for the Orb.
     0 | D:1      | Reached XP level 1. HP: 10/10 MP: 3/3
   391 | D:1      | Reached XP level 2. HP: 16/16 MP: 5/5
  1075 | D:1      | Reached skill level 1 in Fighting
  1075 | D:1      | Reached XP level 3. HP: 20/20 MP: 6/6
  1096 | D:1      | Found a faded altar of an unknown god.
  1271 | D:2      | Noticed Sigmund
  1274 | D:2      | Killed Sigmund
  1275 | D:2      | Reached skill level 6 in Stealth
  1275 | D:2      | Reached XP level 4. HP: 26/26 MP: 7/7
  1275 | D:2      | Reached XP level 5. HP: 30/30 MP: 8/8
  1454 | D:2      | Reached XP level 6. HP: 35/35 MP: 9/9
  2584 | D:3      | Found a shimmering blue altar of Sif Muna.
  2768 | D:3      | Reached skill level 7 in Stealth
  2785 | D:3      | Found Odogettu's Distillery.
  3022 | D:3      | Noticed Robin
  3260 | D:2      | Killed Robin
  3261 | D:2      | Reached XP level 7. HP: 32/40 MP: 10/10
  3774 | D:3      | Found Giqaidog's Jewellery Shop.
  3939 | D:3      | Found Melluch's Weapon Shoppe.
  4111 | D:3      | Found a glowing silver altar of Zin.
  4403 | D:4      | Noticed Menkaure
  4417 | D:4      | Mangled by Menkaure

Illustrated notes

Levels and vault maps discovered:
D:1:      lemuel_arrival_rhombus, layout_loops_corners,
          hellmonk_ecumenical_altar_defaced_shrine, minmay_pentomino_u2
D:2:      layout_loops_corners, minmay_misc_feat_hallway, uniq_sigmund
D:3:      layout_loops_cross, lemuel_round_altar, lemuel_tele_altar,
          serial_shops, shop_statue, nicolae_shop_hallway_stairs, shop,
          uniq_robin
D:4:      layout_rooms, mainiacjoe_overflow_swirl, gup_sewer_entry_spiral,
          uniq_menkaure

Skill      XL: |  1  2  3  4  5  6  7 |
---------------+----------------------+-----
Short Blades   | 2 3 4 |  4.1
Fighting       | 1 2 3 |  3.1
Dodging        | 3 4 |  4.4
Stealth        | 6 7 |  7.6
Spellcasting   | |  2.1
Hexes          | |  3.0

Action                   |  1- 3 |  4- 6 |  7- 9 || total
-------------------------+-------+-------+-------++-------
Melee: Dagger            |    35 |    94 |   107 ||   236
       Punch             |       |       |     2 ||     2
 Stab: Sleeping          |    14 |    21 |     7 ||    42
       Distracted        |       |     1 |     1 ||     2
Armor: Robe              |       |     8 |    21 ||    29
Dodge: Dodged            |    14 |    50 |    71 ||   135

Table legend: (Time is in decaauts)
 A = Elapsed time spent in this place.
 B = Non-inter-level travel time spent in this place.
 C = Inter-level travel time spent in this place.
 D = Time resting spent in this place.
 E = Time spent auto-exploring this place.
 F = Levels seen in this place.
 G = Mean time per level.
                   A        B        C        D        E       F      G
               +--------+--------+--------+--------+--------+-----+--------+
         Total |   4381 |   4280 |    101 |    917 |   2691 |   4 | 1095.2 |
       Dungeon |   4381 |   4280 |    101 |    917 |   2691 |   4 | 1095.2 |
               +--------+--------+--------+--------+--------+-----+--------+

Top non-repeatable levels by time:
     D:2: 1726 daAuts
     D:1: 1234 daAuts
     D:3: 1233 daAuts
     D:4: 186 daAuts
